Map: [ESL] Babylon

Players

Creator - Winner!

  • Race: Protoss Protoss

ShoWTimE

  • Race: Protoss Protoss

Event: IEM Katowice 2023

VOD

Have the link to the VOD?

Description

Time

  • Played on: Feb. 9, 2023, 7:43 a.m.
  • Length: 7:59

All games in this series

Show
View Real Time Build Order
Export as new Build Order

Creator Protoss - Winner!

Build Orders: Zealot Archon, Dark Templar Rush 

Get SALT Encoding   

  12  0:00  Probe  
  13  0:12  Probe  
  14  0:19  Pylon  
  14  0:24  Probe  
  15  0:37  Probe (Chrono Boost)  
  15  0:38  Gateway  
  16  0:47  Assimilator, Probe (Chrono Boost)  
  17  0:52  Probe (Chrono Boost)  
  18  0:58  Assimilator  
  18  1:03  Probe  
  19  1:15  Probe  
  20  1:19  Pylon  
  20  1:28  Cybernetics Core, Probe (Chrono Boost), Zealot  
  24  1:40  Pylon, Probe (Chrono Boost)  
  24  1:47  Probe (Chrono Boost)  
  25  1:54  Probe  
  26  2:04  Stalker (Chrono Boost)  
  28  2:09  Stargate  
  28  2:17  Cybernetics Core  
  28  2:22  Warp Gate  
  28  2:28  Stalker (Chrono Boost)  
  28  2:34  Twilight Council  
  30  2:42  Pylon  
  30  2:47  Gateway  
  30  3:05  Robotics Facility  
  30  3:12  Dark Shrine  
  30  3:17  Gateway  
  30  3:28  Gateway  
  30  3:51  Warp Prism (Chrono Boost)  
  30  4:00  Pylon  
  30  4:10  Probe  
  27  4:24  Dark Templar  
  27  4:26  Nexus  
  29  4:34  Dark Templar  
  31  4:40  Probe  
  33  4:52  Probe  
  33  4:57  Blink (Chrono Boost)  
  33  5:02  Stalker  
  33  5:05  Probe (Chrono Boost)  
  36  5:07  Stalker  
  36  5:14  Observer  
  39  5:16  Probe (Chrono Boost)  
  39  5:18  Stalker  
  42  5:22  Probe (Chrono Boost)  
  43  5:31  Probe  
  43  5:35  Stalker  
  46  5:38  Probe  
  46  5:39  Archon  
  46  5:41  Stalker  
  49  5:43  Probe  
  49  5:47  Probe  
  50  5:53  Stalker  
  50  5:55  Probe  
  54  6:01  Probe  
  55  6:07  Probe  
  55  6:09  Observer  
  56  6:13  Probe  
  56  6:17  Nexus  
  57  6:19  Sentry, Probe  
  60  6:25  Stalker  
  62  6:33  Pylon  
  62  6:37  Pylon  
  62  6:40  Pylon  
  62  6:51  Probe x2  
  62  6:53  Stalker x3  
  70  6:56  Pylon  
  70  6:57  Stalker  
  72  7:03  Probe x2  
  72  7:05  Assimilator  
  74  7:18  Probe x2  
  74  7:20  Stalker x3  
  82  7:26  Forge  
  82  7:29  Probe (Chrono Boost)  
  83  7:33  Probe (Chrono Boost), Stalker  
  87  7:40  Probe (Chrono Boost)  
  87  7:41  Probe (Chrono Boost)  
  87  7:47  Probe x2 (Chrono Boost)  
  87  7:49  Probe (Chrono Boost)  
  87  7:50  Stalker x3  
  93  7:58  Stalker x3  
Show
View Real Time Build Order
Export as new Build Order

ShoWTimE Protoss 

Build Orders: Phoenix Opening 

Get SALT Encoding   

  12  0:00  Probe  
  13  0:12  Probe  
  14  0:18  Pylon  
  14  0:24  Probe (Chrono Boost)  
  15  0:36  Probe (Chrono Boost)  
  15  0:38  Gateway  
  16  0:45  Probe (Chrono Boost)  
  16  0:46  Assimilator  
  17  0:50  Probe  
  18  1:03  Probe (Chrono Boost)  
  19  1:13  Pylon  
  19  1:14  Assimilator  
  19  1:15  Probe (Chrono Boost)  
  20  1:22  Probe (Chrono Boost)  
  20  1:25  Cybernetics Core  
  21  1:29  Probe  
  22  1:34  Zealot  
  24  1:41  Probe  
  24  1:44  Pylon  
  25  1:53  Probe  
  26  2:05  Stargate, Adept  
  26  2:06  Probe  
  29  2:13  Warp Gate  
  29  2:15  Pylon  
  29  2:20  Probe  
  29  2:32  Probe  
  30  2:44  Probe  
  30  2:48  Phoenix (Chrono Boost)  
  35  2:56  Probe  
  34  2:59  Pylon  
  34  3:08  Probe  
  34  3:11  Stalker  
  39  3:18  Shield Battery  
  39  3:26  Gateway  
  37  3:28  Robotics Facility  
  35  3:37  Shield Battery  
  39  3:45  Void Ray (Chrono Boost)  
  39  3:58  Shield Battery  
  37  4:03  Stalker  
  39  4:10  Probe  
  39  4:13  Gateway  
  39  4:14  Immortal (Chrono Boost)  
  44  4:25  Pylon  
  44  4:44  Nexus  
  44  4:46  Probe  
  44  4:49  Sentry  
  44  4:52  Observer  
  43  5:11  Probe  
  44  5:17  Observer  
  45  5:23  Probe  
  46  5:35  Probe, Stalker  
  48  5:38  Stalker  
  51  5:48  Twilight Council  
  51  5:49  Probe (Chrono Boost)  
  52  5:56  Probe (Chrono Boost)  
  54  6:05  Probe x2 (Chrono Boost)  
  54  6:10  Probe (Chrono Boost)  
  54  6:11  Stalker  
  57  6:12  Probe  
  57  6:16  Blink (Chrono Boost)  
  59  6:20  Pylon  
  59  6:22  Probe  
  59  6:24  Probe  
  61  6:31  Observer  
  61  6:34  Probe  
  61  6:36  Probe  
  61  6:37  Assimilator  
  63  6:42  Stalker  
  63  6:45  Gateway  
  63  6:46  Probe  
  66  6:48  Probe  
  66  6:50  Stalker  
  69  6:58  Assimilator, Probe  
  69  6:59  Stalker  
  69  7:00  Probe  
  73  7:05  Pylon  
  73  7:10  Probe  
  73  7:12  Probe  
  75  7:20  Pylon, Stalker  
  77  7:23  Probe  
  77  7:24  Probe  
  79  7:32  Nexus  
  79  7:38  Shield Battery, Probe x2  
  75  7:44  Stalker  
  65  7:52  Stalker x3  

Tags
 
Add a new tag
Caveats
  • Supply blocks, unpowered buildings, or Contaminate may cause inaccurate times.
  • Supply counts are checked every 10 seconds.